 Dungeon Crawl Stone Soup version 0.20.1-1-g8b1a95d (webtiles) character file.

923 graki42 the Thaumaturge (level 7, 0/36 HPs)
             Began as a Deep Elf Fire Elementalist on Aug 13, 2017.
             Was an Initiate of Vehumet.
             Slain by a killer bee (5 damage)
             ... on level 7 of the Dungeon.
             The game lasted 00:22:48 (5058 turns).

graki42 the Thaumaturge (DEFE)                      Turns: 5058, Time: 00:22:49

Health: 0/36       AC:  5    Str:  7    XL:     7   Next: 84%
Magic:  20/20      EV: 13    Int: 20    God:    Vehumet [......]
Gold:   282        SH:  0    Dex: 15    Spells: 11/22 levels left

rFire    + . .     SeeInvis .   t - +0 falchion (holy)
rCold    . . .     Gourm    .   (no shield)
rNeg     . . .     Faith    .   x - +1 leather armour of Noyreil {rF+ Stlth+}
rPois    .         Spirit   .   g - +0 helmet
rElec    .         Reflect  .   m - scarf {repulsion}
rCorr    .         Harm     .   (no gloves)
MR       .....                  (no boots)
Stlth    ++++......             (no amulet)
Regen    0.2/turn               k - ring of stealth
MPRegen  0.2/turn               (no ring)

@: lethally poisoned (0 -> -3), very slightly contaminated, repel missiles
A: no striking features
a: Renounce Religion


You were on level 7 of the Dungeon.
You worshipped Vehumet.
Vehumet was noncommittal.
You were not hungry.

You visited 1 branch of the dungeon, and saw 7 of its levels.

You collected 282 gold pieces.

Inventory:

Hand Weapons
 t - a +0 falchion of holy wrath (weapon)
Missiles
 d - 152 stones (quivered)
Armour
 a - a +0 robe
 g - a +0 helmet (worn)
 m - a scarf of repulsion (worn)
 x - the +1 leather armour of Noyreil (worn) {rF+ Stlth+}
   (You found it on level 5 of the Dungeon)

   It protects you from fire.
   It makes you more stealthy.
Jewellery
 k - a ring of stealth (left hand)
Wands
 r - a wand of random effects (12/48)
Scrolls
 e - a scroll of fear {unknown}
 f - 2 scrolls of immolation {unknown}
 i - 3 scrolls of identify
 l - 6 scrolls of enchant weapon {unknown}
 n - a scroll of blinking
 q - a scroll of remove curse {unknown}
 s - a scroll of amnesia {unknown}
 u - a scroll of magic mapping {unknown}
 w - a scroll of recharging {unknown}
Potions
 o - a potion of haste {unknown}
 p - 2 potions of curing {unknown}
 v - a potion of might {unknown}
Books
 b - a book of Flames

   Spells                             Type                      Level
   a - Flame Tongue                   Conjuration/Fire             1
   b - Throw Flame                    Conjuration/Fire             2
   c - Conjure Flame                  Conjuration/Fire             3
   d - Inner Flame                    Hexes/Fire                   3
   e - Sticky Flame                   Conjuration/Fire             4
   f - Fireball                       Conjuration/Fire             5
Comestibles
 c - 6 bread rations
 h - 2 meat rations
 j - a royal jelly


   Skills:
 + Level 0.2 Fighting
 + Level 0.1 Armour
 + Level 3.5 Dodging
 + Level 3.6 Stealth
 + Level 8.0 Spellcasting
 + Level 4.1 Conjurations
 + Level 1.1 Hexes
 + Level 6.0 Fire Magic


You had 11 spell levels left.
You knew the following spells:

 Your Spells              Type           Power        Failure   Level  Hunger
a - Flame Tongue          Conj/Fire      ####.        1%          1    None
b - Conjure Flame         Conj/Fire      ####....     4%          3    None
c - Inner Flame           Hex/Fire       ###.....     9%          3    None
d - Sticky Flame          Conj/Fire      ####....     16%         4    ###....


Dungeon Overview and Level Annotations

Branches:
Dungeon (7/15)
 Temple: D:4-7

Altars:
Dithmenos
Gozag
Sif Muna
Vehumet
Xom

Annotations:
D:4 Fingolfin's ghost, amateur HOFi
D:6 Edmund


Message History

You feel sick.
You feel sick.
You feel sick.
The killer bee stings you but does no damage.
The crimson imp blinks!
The killer bee stings you but does no damage.
There is an escape hatch in the floor here.
You feel sick.
The killer bee stings you but does no damage.
The killer bee closely misses you. The killer bee barely misses you.
The killer bee stings you but does no damage.
The killer bee barely misses you.
You slide downwards.
The hatch slams shut behind you.
A bullfrog comes into view.
Found 12 gold pieces and 16 arrows.
Found a stone staircase leading up.
You feel sick. The killer bee stings you!
* * * LOW HITPOINT WARNING * * *
The killer bee stings you but does no damage.
The killer bee stings you.
You die...

#......(..
#.........
+..<......
#$F.......
#......... #
#.........
..#.###.........
.......y........
.......@y.......
#.#####.########
#.# ... ##..
#... #... .....


You could see a bullfrog (sleeping) and 2 killer bees.

Vanquished Creatures
  Grinder (D:4)
  Menkaure (D:4)
  An ogre (D:5)
  Blork the orc (D:4)
  A centaur zombie (D:5)
  2 orc wizards
  Jessica (D:2)
  Ijyb (D:4)
  4 worker ants
  A statue (D:5)
  Robin (D:2)
  2 adders (D:2)
  A shadow imp (D:5)
  An ooze (D:5)
  6 worms
  3 dart slugs
  6 leopard geckos
  22 orcs
  2 ball pythons
  4 bats
  6 giant cockroaches
  11 goblins
  10 hobgoblins
  11 kobolds
  5 quokkas
  4 frilled lizards
  2 jackal skeletons
  10 rats
121 creatures vanquished.

Notes
Turn   | Place    | Note
-------+----------+-------------------------------------------
     0 | D:1      | graki42 the Deep Elf Fire Elementalist began the quest for the Orb.
     0 | D:1      | Reached XP level 1. HP: 10/10 MP: 6/6
   443 | D:1      | Reached XP level 2. HP: 15/15 MP: 6/8
   751 | D:2      | Reached XP level 3. HP: 19/19 MP: 7/10
   761 | D:2      | Learned a level 3 spell: Conjure Flame
   765 | D:2      | Learned a level 3 spell: Inner Flame
   931 | D:2      | Noticed Robin
  1063 | D:2      | Killed Robin
  1063 | D:2      | Reached skill level 4 in Spellcasting
  1063 | D:2      | Reached XP level 4. HP: 9/24 MP: 4/12
  1345 | D:2      | Noticed Jessica
  1352 | D:2      | Killed Jessica
  1569 | D:2      | Found a shadowy altar of Dithmenos.
  2178 | D:3      | Reached skill level 5 in Spellcasting
  2178 | D:3      | Reached XP level 5. HP: 28/28 MP: 8/14
  2597 | D:3      | Learned a level 4 spell: Sticky Flame
  2857 | D:3      | Found an opulent altar of Gozag.
  2857 | D:3      | Found a shimmering altar of Xom.
  3089 | D:4      | Noticed Fingolfin's ghost (amateur HOFi)
  3206 | D:4      | Noticed Blork the orc
  3212 | D:4      | Killed Blork the orc
  3212 | D:4      | Reached skill level 6 in Spellcasting
  3212 | D:4      | Reached XP level 6. HP: 32/32 MP: 10/17
  3533 | D:4      | Noticed Grinder
  3544 | D:4      | Killed Grinder
  3544 | D:4      | Reached skill level 5 in Fire Magic
  3780 | D:4      | Noticed Menkaure
  3783 | D:4      | Killed Menkaure
  3783 | D:4      | Reached skill level 7 in Spellcasting
  3783 | D:4      | Reached XP level 7. HP: 36/36 MP: 13/19
  3864 | D:4      | Found a deep blue altar of Sif Muna.
  3901 | D:4      | Noticed Ijyb
  3910 | D:4      | Killed Ijyb
  4148 | D:5      | Entered Level 5 of the Dungeon
  4303 | D:5      | Reached skill level 1 in Hexes
  4390 | D:5      | Got a translucent leather armour
  4401 | D:5      | Identified the +1 leather armour of Noyreil {rF+ Stlth+} (You found it on level 5 of the Dungeon)
  4613 | D:5      | Found a radiant altar of Vehumet.
  4619 | D:5      | Became a worshipper of Vehumet
  4937 | D:5      | Reached skill level 8 in Spellcasting
  5046 | D:6      | Noticed Edmund
  5058 | D:7      | Slain by a killer bee

Skill      XL: |  1  2  3  4  5  6  7 |
---------------+----------------------+-----
Fire Magic     | 4 5 6 |  6.0
Dodging        | 3 |  3.5
Spellcasting   | 4 5 6 7 8 |  8.0
Conjurations   | 2 3 4 |  4.1
Stealth        | 3 |  3.6
Hexes          | 1 |  1.1
Fighting       | |  0.2
Armour         | |  0.1

Action                   |  1- 3 |  4- 6 |  7- 9 || total
-------------------------+-------+-------+-------++-------
Melee: Short sword       |       |     1 |       ||     1
       Falchion          |       |       |     2 ||     2
 Cast: Flame Tongue      |    59 |   141 |    60 ||   260
       Conjure Flame     |     1 |     5 |     4 ||    10
       Inner Flame       |       |     3 |       ||     3
       Sticky Flame      |       |     3 |     6 ||     9
  Use: Scroll            |     1 |       |     2 ||     3
  Eat: Chunk             |       |     9 |     5 ||    14
Armor: Robe              |     3 |     6 |       ||     9
       Leather armour    |       |       |    13 ||    13
Dodge: Dodged            |    14 |    34 |    21 ||    69
       Deflected         |       |       |     2 ||     2
       Rpst.: Falchion   |       |       |     4 ||     4
